 Dungeon Crawl Stone Soup version 0.28.0-45-g0d030f2227 (webtiles) character file.

Game seed: 11535660412071536615

381 issech the Cudgeller (level 6, 0/61 HPs)
             Began as a Troll Monk on Apr 21, 2022.
             Succumbed to Edmund's poison
             ... on level 4 of the Dungeon.
             The game lasted 00:09:33 (3235 turns).

issech the Cudgeller (Troll Monk)                   Turns: 3235, Time: 00:09:34

Health: 0/61       AC:  4    Str: 20    XL:     6   Next: 46%
Magic:  5/5        EV: 15    Int:  6    God:
Gold:   235        SH:  0    Dex: 14    Spells: 5/5 levels left

rFire   . . .      SeeInvis .   a - +0 mace
rCold   . . .      Faith    .   (no shield)
rNeg    . . .      Spirit   .   b - +0 robe
rPois   .          Reflect  .   (helmet restricted)
rElec   .          Harm     .   (no cloak)
rCorr   .          Rampage  .   (gloves unavailable)
Will    .....                   (boots unavailable)
Stlth   ++........              (no amulet)
HPRegen 1.00/turn               m - +4 ring of evasion
MPRegen 0.09/turn               (no ring)

@: lethally poisoned (0 -> -4)
A: large, unfitting armour, claws 3, regeneration 1, shaggy fur 1, tough skin 1
a: no special abilities


You were on level 4 of the Dungeon.
You visited 1 branch of the dungeon, and saw 4 of its levels.

You collected 235 gold pieces.

Inventory:

Hand Weapons
 a - a +0 mace (weapon)
 p - a +1 dagger of speed
 s - a +0 hunting sling
 u - a +0 hand axe of electrocution
Missiles
 i - 43 arrows
 l - 54 sling bullets
 q - 24 stones (quivered)
Armour
 b - a +0 robe (worn)
Jewellery
 m - a +4 ring of evasion (left claw)
 r - a ring of wizardry
Wands
 v - a wand of flame (4)
Scrolls
 d - 2 scrolls of enchant weapon {unknown}
 e - a scroll of identify {unknown}
 f - a scroll of fog {unknown}
 g - 2 scrolls of blinking {unknown}
 h - 4 scrolls of enchant armour {unknown}
 j - 2 scrolls of brand weapon {unknown}
 t - a scroll of acquirement {unknown}
 x - a scroll of teleportation {unknown}
 y - a scroll of fear {unknown}
Potions
 c - a potion of ambrosia {unknown}
 k - a potion of curing {unknown}
 n - a potion of heal wounds {unknown}
 o - a potion of degeneration {unknown}
 w - 2 potions of might


   Skills:
 + Level 3.2 Fighting
 + Level 4.8 Maces & Flails
 + Level 4.0 Dodging
 + Level 1.4 Stealth


You had 5 spell levels left.
You didn't know any spells.
Your spell library contained the following spells:

 Spells                   Type           Power      Damage    Failure   Level
 Corpse Rot               Necr/Air       0%         N/A       58%         2
 Poisonous Vapours        Pois/Air       0%         N/A       58%         2


Dungeon Overview and Level Annotations

Branches:
Dungeon (4/15)
 Temple: D:4-7

Altars:
Ashenzari
Nemelex Xobeh

Shops:
D:3 (

Annotations:
D:4 Edmund


Innate Abilities, Weirdness & Mutations

You are too large for most types of armour.
You have claws for hands.
Your natural rate of healing is unusually fast.
You are covered in fur. (AC +1)
You have tough skin. (AC +1)


Message History

You are poisoned.
You throw a stone. The stone barely misses Edmund.
You feel sick.
You throw a stone.
The stone hits Edmund but does no damage.
Edmund is lightly wounded.
You feel sick.
You throw a stone. The stone closely misses Edmund.
You feel sick.
You barely miss Edmund.
Edmund is lightly wounded.
You feel sick.
Edmund hits you with a +2 dire flail of venom!
You are more poisoned.
You hit Edmund but do no damage.
Edmund is lightly wounded.
You feel extremely sick. Edmund misses you.
You feel very sick.
You feel very sick.
Edmund throws a poisoned dart.
The poisoned dart hits you!
You are more poisoned.
You feel very sick.
Edmund throws a poisoned dart.
The poisoned dart hits you!
You are more poisoned.
You feel extremely sick.
Edmund throws a poisoned dart.
The poisoned dart hits you!
You are lethally poisoned!
You are too injured to fight recklessly!
* * * LOW HITPOINT WARNING * * *
You feel extremely sick.
* * * LOW HITPOINT WARNING * * *
You feel very sick.
Edmund throws a poisoned dart.
The poisoned dart closely misses you.
* * * LOW HITPOINT WARNING * * *
You feel very sick.
Edmund says, "I'm quite good with sums, too."
* * * LOW HITPOINT WARNING * * *
You feel very sick.
* * * LOW HITPOINT WARNING * * *
You feel very sick.
You die...

........#
#.............########
........#
##.###................
....#####
#.###........#########
...
#@#...................
#.#.####.....########.
#.#.#.....#### #.
#.#..<....# #.
#.###################.
#....@.......†........
######################


There were no monsters in sight!

Vanquished Creatures
  A black bear (D:4)
  A scorpion (D:4)
  2 iguanas
  Terence (D:2)
  Ijyb (D:4)
  5 adders
  An adder skeleton (D:4)
  2 worms (D:2)
  A dart slug (D:1)
  An orc (D:4)
  11 endoplasms
  5 giant cockroaches
  8 goblins
  8 hobgoblins
  2 jackals (D:1)
  4 quokkas
  7 ball pythons
  A bat (D:1)
  5 frilled lizards
  10 kobolds
  7 rats
84 creatures vanquished.

Notes
Turn   | Place    | Note
-------+----------+-------------------------------------------
     0 | D:1      | issech the Troll Monk began the quest for the Orb.
     0 | D:1      | Reached XP level 1. HP: 22/22 MP: 0/0
   180 | D:1      | Reached XP level 2. HP: 23/29 MP: 1/1
   285 | D:1      | Found a faded altar of an unknown god.
   752 | D:1      | Reached XP level 3. HP: 32/36 MP: 2/2
   842 | D:2      | Noticed Terence
   956 | D:2      | Killed Terence
  1059 | D:2      | Reached XP level 4. HP: 44/44 MP: 3/3
  1608 | D:2      | Found a sparkling altar of Nemelex Xobeh.
  2190 | D:3      | Found Epinaol's Weapon Boutique.
  2336 | D:3      | Reached XP level 5. HP: 53/53 MP: 4/4
  2421 | D:3      | Found a broken altar of Ashenzari.
  2820 | D:4      | Noticed Ijyb
  2835 | D:4      | Killed Ijyb
  3086 | D:4      | Reached XP level 6. HP: 54/61 MP: 5/5
  3217 | D:4      | Noticed Edmund
  3233 | D:4      | HP: 3/61 [poisoned by Edmund]
  3234 | D:4      | HP: 1/61 [poisoned by Edmund]
  3235 | D:4      | Succumbed to Edmund's poison

Illustrated notes

Levels and vault maps discovered:
D:1:      minmay_arrival_open_corners, layout_basic,
          hellmonk_ecumenical_altar_lost_god,
          amcnicky_mini_rare_corridor_liquid, minivault_25,
          hangedman_decor_lopped, minmay_misc_feat_tiny
D:2:      layout_loops_corners, basic_altar, roderic_serpentine_path,
          minmay_between, uniq_terence
D:3:      layout_basic, lemuel_doored_altar, serial_shops, nicolae_shop_trees
D:4:      layout_basic, uniq_ijyb, uniq_edmund

Skill      XL: |  1  2  3  4  5  6 |
---------------+-------------------+-----
Maces & Flails | 3 4 |  4.8
Dodging        | 3 4 |  4.0
Fighting       | 3 |  3.2
Stealth        | |  1.4

Action                   |  1- 3 |  4- 6 || total
-------------------------+-------+-------++-------
Melee: Mace              |   119 |   231 ||   350
       Punch             |     1 |     3 ||     4
Throw: Stone             |       |    14 ||    14
 Stab: Sleeping          |     3 |     3 ||     6
Armor: Robe              |    34 |    65 ||    99
Dodge: Dodged            |    68 |   188 ||   256
